 Dungeon Crawl Stone Soup version 0.26.1-2-gb8aa6d0cf2 (webtiles) character file.

Game seed: 13055943955834986682

10957 Alarak the Thaumaturge (level 11, 0/63 HPs)
             Began as a Deep Elf Fire Elementalist on Mar 18, 2021.
             Was an Elder of Vehumet.
             Slain by an eight-headed hydra (3 damage)
             ... on level 11 of the Dungeon.
             The game lasted 01:20:12 (19589 turns).

Alarak the Thaumaturge (DEFE)                      Turns: 19589, Time: 01:20:12

Health: 0/63       AC:  8    Str:  5    XL:     11   Next: 43%
Magic:  3/29       EV: 13    Int: 24    God:    Vehumet [****..]
Gold:   339        SH:  5    Dex: 15    Spells: 13/35 levels left

rFire    + . .     SeeInvis .   J - staff of air
rCold    + + .     Faith    .   (no shield)
rNeg     + . .     Spirit   .   p - +1 robe {Will+}
rPois    +         Reflect  +   o - +2 helmet
rElec    +         Harm     .   F - +0 cloak
rCorr    +         Rampage  .   B - +0 pair of gloves
Will     ++...                  (no boots)
Stlth    ++........             h - amulet of reflection
HPRegen  0.20/turn              b - ring of protection from cold
MPRegen  0.21/turn              M - ring of positive energy

@: resistant, marked
A: no striking features
a: Renounce Religion


You were on level 11 of the Dungeon.
You worshipped Vehumet.
Vehumet was greatly pleased with you.
You visited 2 branches of the dungeon, and saw 14 of its levels.

You collected 423 gold pieces.
You spent 84 gold pieces at shops.

Inventory:

Hand Weapons
 q - a +2 mace of protection
 t - a +2 glaive of pain
 w - a +4 dagger of venom
 E - a +2 quarterstaff of chaos
Armour
 o - a +2 helmet (worn)
 p - a +1 robe of willpower (worn)
 v - a +0 robe of cold resistance
 A - a +2 hat
 B - a +0 pair of gloves (worn)
 F - a +0 cloak (worn)
 K - a cursed +0 ring mail
Magical Staves
 J - an uncursed staff of air (weapon)
Jewellery
 b - a ring of protection from cold (left hand)
 e - an uncursed ring of teleportation
 h - an amulet of reflection (around neck)
 L - an uncursed amulet of reflection
 M - a ring of positive energy (right hand)
 N - an uncursed ring of fire {unknown}
Wands
 a - a wand of iceblast (14)
 c - a wand of enslavement (8)
 s - a wand of paralysis (10)
 C - a wand of random effects (14)
Scrolls
 d - 2 scrolls of noise
 g - 4 scrolls of remove curse
 i - a scroll of magic mapping
 k - 3 scrolls of immolation
 n - a scroll of enchant weapon
 x - a scroll of fog
 y - 2 scrolls of enchant armour
 I - 3 scrolls of identify
 O - a scroll of amnesia
Potions
 f - a potion of brilliance
 j - 3 potions of curing
 l - 4 potions of might
 r - 3 potions of berserk rage
 z - 4 potions of ambrosia
 D - 2 potions of mutation
 G - a potion of degeneration


   Skills:
 - Level 5.0 Fighting
 - Level 2.4 Dodging
 - Level 2.4 Stealth
 + Level 12.8 Spellcasting
 - Level 10.0 Conjurations
 - Level 12.0 Fire Magic


You had 13 spell levels left.
You knew the following spells:

 Your Spells              Type           Power        Failure   Level
a - Foxfire               Conj/Fire      100%         1%          1
b - Conjure Flame         Conj/Fire      62%          1%          3
c - Sticky Flame          Conj/Fire      62%          1%          4
d - Shock                 Conj/Air       100%         1%          1
e - Fireball              Conj/Fire      31%          1%          5
f - Blink                 Tloc           N/A          6%          2
g - Mephitic Cloud        Conj/Pois/Air  47%          1%          3
h - Ignite Poison         Fire/Tmut/Pois 34%          1%          3

Your spell library contained the following spells:

 Spells                   Type           Power        Failure   Level
 Olgreb's Toxic Radiance  Pois           15%          11%         4
 Magic Dart               Conj           100%         1%          1
 Inner Flame              Hex/Fire       44%          1%          3
 Beastly Appendage        Tmut           30%          4%          1
 Call Imp                 Summ           15%          6%          2
 Slow                     Hex            15%          6%          2
 Wereblood                Tmut           15%          6%          2
 Spider Form              Tmut/Pois      7%           12%         3
 Ice Form                 Ice/Tmut       15%          36%         4
 Blade Hands              Tmut           7%           73%         5


Dungeon Overview and Level Annotations

Branches:
Dungeon (13/15)            Temple (1/1) D:4             Orc (0/2) D:9
   Lair: D:8-11      Vaults: D:13-14

Altars:
Dithmenos
Elyvilon
Gozag
Kikubaaqudgha
Nemelex Xobeh
Okawaru
Ru
Trog
Uskayaw
Vehumet
Zin
The Shining One

Shops:
D:4 *   D:8 (   D:9 !

Annotations:
D:3 Eustachio
D:7 3 runed translucent doors, Jaiteiro's ghost, novice GnWn; sixsigma's ghost, novice GnCj
D:10 Snorg


Message History

An eight-headed hydra comes into view.
You feel sick.
The eight-headed hydra roars!
Found a stone staircase leading down.
You feel better.
The centaur wields a +0 shortbow.
The centaur shoots an arrow.
The arrow closely misses you.
The iguana hisses angrily.
Found a hand axe, 12 gold pieces and a scroll of identify.
Found 14 gold pieces.
Found a stone staircase leading up.
The eight-headed hydra bites you but does no damage.
The eight-headed hydra closely misses you.
The eight-headed hydra barely misses you.
The eight-headed hydra bites you.
* * * LOW HITPOINT WARNING * * *
The eight-headed hydra bites you!
* * * LOW HITPOINT WARNING * * *
The eight-headed hydra completely misses you.
The eight-headed hydra closely misses you.
The eight-headed hydra bites you.
You die...

###....)§cSS§#
#.......§§SB§#
#........#####
......c..#####
#.....B##...##
#.....Y#)....##
.....###.......#
##...###.D.....#
....$.<.@......#
......$......>##
..#.#.##.......#
..... #..<....#
.... #.......#
... ##?....##
... #...## ####


You could see an eight-headed hydra, a yak, a centaur and a worker ant.

Vanquished Creatures
  A hydra (D:13)
  A centaur warrior (D:13)
  A deep elf mage (D:13)
  2 ugly things
  A manticore (D:13)
  Psyche (D:8)
  A tengu conjurer (D:13)
  2 hornets
  Grinder (D:3)
  4 slime creatures
  Prince Ribbit (D:6)
  Sigmund (D:4)
  A wraith (D:10)
  6 yaks (D:9)
  Menkaure (D:4)
  Edmund (D:4)
  A water moccasin (D:9)
  Duvessa (D:6)
  8 orc warriors
  An ice beast (D:8)
  A sky beast (D:6)
  7 centaurs
  Blork the orc (D:6)
  A gnoll sergeant (D:7)
  2 big kobolds
  A bullfrog (D:10)
  A water moccasin zombie (D:8)
  Dowan (D:6)
  7 scorpions
  4 jellies
  6 electric eels (D:7)
  A lava snake (D:7)
  22 orc wizards
  2 bullfrog skeletons
  5 hounds
  10 orc priests
  Crazy Yiuf (D:6)
  Jessica (D:2)
  An iguana (D:5)
  8 worker ants
  A hound zombie (D:6)
  2 hound skeletons
  Robin (D:4)
  12 adders
  8 gnolls
  2 shadow imps
  3 white imps
  5 worms
  3 dart slugs
  A leopard gecko (D:4)
  69 orcs
  7 bats
  6 giant cockroaches
  14 goblins
  14 hobgoblins
  9 jackals
  4 quokkas
  2 ball pythons
  7 frilled lizards
  20 kobolds
  A quokka zombie (D:9)
  6 rats
317 creatures vanquished.

Vanquished Creatures (collateral kills)
  2 orcs (D:12)
  A kobold (D:12)
  2 foxfires (D:1)
5 creatures vanquished.

Vanquished Creatures (others)
  1237 foxfires
  18 plants
  4 withered plants (D:7)
1259 creatures vanquished.

Grand Total: 1581 creatures vanquished

Notes
Turn   | Place    | Note
-------+----------+-------------------------------------------
     0 | D:1      | Alarak the Deep Elf Fire Elementalist began the quest for
                  | the Orb.
     0 | D:1      | Reached XP level 1. HP: 10/10 MP: 6/6
  1179 | D:1      | Reached XP level 2. HP: 15/15 MP: 4/8
  2792 | D:2      | Reached XP level 3. HP: 19/19 MP: 4/9
  2926 | D:2      | Noticed Jessica
  2932 | D:2      | Killed Jessica
  2945 | D:2      | Reached XP level 4. HP: 18/24 MP: 1/11
  3032 | D:1      | Learned a level 3 spell: Conjure Flame
  3982 | D:2      | Found an opulent altar of Gozag.
  4011 | D:3      | Reached XP level 5. HP: 28/28 MP: 9/13
  4026 | D:3      | Found a faded altar of an unknown god.
  4548 | D:3      | Reached skill level 5 in Fire Magic
  4636 | D:3      | Noticed Grinder
  4643 | D:3      | Killed Grinder
  4644 | D:3      | Reached XP level 6. HP: 32/32 MP: 7/14
  4956 | D:3      | Found a hide-covered altar of Uskayaw.
  4958 | D:3      | Found a white marble altar of Elyvilon.
  4959 | D:3      | Found a sacrificial altar of Ru.
  4959 | D:3      | Found a sparkling altar of Nemelex Xobeh.
  4961 | D:3      | Found a glowing silver altar of Zin.
  4962 | D:3      | Found an ancient bone altar of Kikubaaqudgha.
  5169 | D:4      | Found Helichos's General Store.
  5171 | D:4      | Noticed Sigmund
  5182 | D:4      | Killed Sigmund
  5183 | D:4      | Reached XP level 7. HP: 19/36 MP: 9/15
  5521 | D:4      | Noticed Robin
  5804 | D:4      | Bought a potion of brilliance for 56 gold pieces
  5804 | D:4      | Bought a scroll of identify for 28 gold pieces
  5830 | D:4      | Noticed Menkaure
  5836 | D:4      | Killed Menkaure
  5922 | D:4      | Noticed Eustachio
  5932 | D:4      | Killed Robin
  6152 | D:4      | Found a staircase to the Ecumenical Temple.
  6158 | Temple   | Entered the Ecumenical Temple
  6182 | Temple   | Became a worshipper of Vehumet
  7319 | D:4      | Noticed a moth of wrath
  7319 | D:4      | Noticed Edmund
  7474 | D:4      | Killed Edmund
  7475 | D:4      | Reached skill level 5 in Spellcasting
  7475 | D:4      | Reached XP level 8. HP: 37/41 MP: 3/18
  7881 | D:4      | Found a bloodstained altar of Trog.
  7919 | D:5      | Entered Level 5 of the Dungeon
  8478 | D:5      | Found an iron altar of Okawaru.
  8738 | D:5      | HP: 2/41 [ogre/+0 giant spiked club (25)]
  9709 | D:6      | Noticed Prince Ribbit
  9795 | D:6      | Killed Prince Ribbit
  9916 | D:6      | Noticed Blork the orc
 10106 | D:6      | Killed Blork the orc
 10107 | D:6      | Reached skill level 10 in Spellcasting
 10162 | D:6      | Noticed Duvessa
 10163 | D:6      | Noticed Dowan
 10172 | D:6      | Killed Duvessa
 10173 | D:6      | Reached skill level 1 in Fighting
 10378 | D:6      | Killed Dowan
 10379 | D:6      | Reached XP level 9. HP: 48/48 MP: 19/25
 10678 | D:6      | Learned a level 4 spell: Sticky Flame
 10800 | D:6      | Reached * piety under Vehumet
 10800 | D:6      | Offered knowledge of Shock by Vehumet.
 11489 | D:6      | Found a runed translucent door.
 11490 | D:6      | Noticed Crazy Yiuf
 11510 | D:6      | Killed Crazy Yiuf
 11511 | D:6      | Reached skill level 5 in Conjurations
 11662 | D:6      | Learned a level 1 spell: Shock
 11775 | D:7      | HP: 2/50 [poisoned by an orc warrior]
 11783 | D:7      | HP: 1/50 [poisoned by an orc warrior]
 12190 | D:7      | Learned a level 5 spell: Fireball
 12752 | D:7      | Found a runed translucent gate.
 12752 | D:7      | Found a runed translucent gate.
 12752 | D:7      | Found a runed translucent gate.
 12832 | D:7      | Noticed sixsigma's ghost (novice GnCj)
 12832 | D:7      | Noticed Jaiteiro's ghost (novice GnWn)
 13033 | D:7      | Reached ** piety under Vehumet
 13279 | D:7      | Offered knowledge of Freeze by Vehumet.
 13602 | D:8      | Found Jeocex's Antique Weapon Shoppe.
 13875 | D:8      | Noticed Psyche
 13878 | D:8      | Killed Psyche
 14460 | D:9      | Reached XP level 10. HP: 56/56 MP: 23/26
 14684 | D:9      | Reached skill level 10 in Conjurations
 14880 | D:9      | Offered knowledge of Ignite Poison by Vehumet.
 14889 | D:9      | Learned a level 2 spell: Blink
 14893 | D:9      | Learned a level 3 spell: Mephitic Cloud
 14955 | D:9      | Reached *** piety under Vehumet
 15044 | D:9      | Learned a level 3 spell: Ignite Poison
 15051 | D:9      | Found a staircase to the Orcish Mines.
 15610 | D:9      | Offered knowledge of Dazzling Flash by Vehumet.
 15909 | D:9      | Found Cic Vuubb's Distillery.
 16260 | D:9      | Reached skill level 10 in Fire Magic
 16537 | D:10     | Entered Level 10 of the Dungeon
 17901 | D:10     | Noticed a cyan ugly thing
 17918 | D:10     | Killed a cyan ugly thing
 18025 | D:10     | Noticed Snorg
 18073 | D:10     | You fall into a shaft and drop 3 floors!
 18435 | D:13     | Noticed a deep elf mage
 18445 | D:13     | Killed a deep elf mage
 18512 | D:13     | Reached **** piety under Vehumet
 18518 | D:13     | Reached XP level 11. HP: 62/62 MP: 15/27
 18693 | D:13     | Noticed a centaur warrior
 18696 | D:13     | Reached skill level 5 in Fighting
 18697 | D:13     | Killed a centaur warrior
 18697 | D:13     | Offered knowledge of Olgreb's Toxic Radiance by Vehumet.
 18999 | D:13     | Noticed a centaur warrior
 19054 | D:12     | Noticed a cyan ugly thing
 19070 | D:12     | Noticed a purple ugly thing
 19071 | D:12     | Killed a cyan ugly thing
 19210 | D:12     | Noticed a four-headed hydra
 19226 | D:13     | Killed a four-headed hydra
 19545 | D:12     | Noticed a deep elf mage
 19585 | D:11     | Noticed an eight-headed hydra
 19589 | D:11     | HP: 3/63 [eight-headed hydra (11)]
 19589 | D:11     | Slain by an eight-headed hydra

Illustrated notes

Levels and vault maps discovered:
D:1:      amcnicky_arrival_flooded_fountain, layout_loops_corners,
          serial_forest, infiniplex_forest_lined_2,
          infiniplex_forest_clump_small, infiniplex_forest_end_3,
          infiniplex_forest_end_1, infiniplex_forest_split,
          infiniplex_forest_diagonal, infiniplex_forest_lined_2,
          infiniplex_forest_fountain, infiniplex_forest_lined_4_way
D:2:      layout_loops_ring, grunt_gozag_breadcrumbs, uniq_jessica
D:3:      layout_rooms, grunt_temple_overflow_open,
          chequers_ecumenical_altar_simple_redux, uniq_grinder
D:4:      layout_cave_pools, tgw_trog, minmay_temple_entry_hall, serial_shops,
          shop, serial_bayou_lagoon_a, sigmund_army, uniq_menkaure, uniq_robin,
          uniq_eustachio, uniq_edmund
D:5:      layout_loops_ring, lemuel_doored_altar
D:6:      layout_rooms, uniq_crazy_yiuf_cottage, uniq_blork_the_orc,
          uniq_prince_ribbit1, uniq_duvessa
D:7:      cheibrodos_two_vegetables, layout_basic, gammafunk_ghost_cemetery,
          nicolae_lava_and_water
D:8:      layout_gridville, serial_shops, shop, uniq_psyche
D:9:      layout_irregular_city, hiddenorc2_lemuel, serial_shops,
          nicolae_shop_waterfront
D:10:     layout_irregular_city, erik_lair_orcish_takeover, uniq_snorg
D:11:     layout_rooms, gauntlet_entry_generic, serial_shops, shop
D:12:     layout_big_octagon, guppyfry_shop_blood
D:13:     layout_roguey, nrook_loot_triangle
Temple:   dpeg_chambers_temple

Skill      XL: |  1  2  3  4  5  6  7  8  9 10 11 |
---------------+----------------------------------+-----
Conjurations   | 2 3 4 9 10 | 10.0
Spellcasting   | 4 5 10 12 | 12.8
Fire Magic     | 4 6 7 9 12 | 12.0
Fighting       | 1 3 4 5 |  5.0
Dodging        | |  2.4
Stealth        | |  2.4

Action                   |  1- 3 |  4- 6 |  7- 9 | 10-12 || total
-------------------------+-------+-------+-------+-------++-------
Melee: Dagger            |   101 |     5 |     3 |       ||   109
       Mace              |       |       |    13 |       ||    13
       Staff             |       |       |       |     1 ||     1
 Cast: Foxfire           |    66 |   108 |   430 |   151 ||   755
       Conjure Flame     |       |       |     8 |     7 ||    15
       Shock             |       |       |    41 |    93 ||   134
       Fireball          |       |       |    14 |    40 ||    54
       Sticky Flame      |       |       |     1 |    19 ||    20
       Mephitic Cloud    |       |       |       |    41 ||    41
       Blink             |       |       |       |    24 ||    24
       Ignite Poison     |       |       |       |     8 ||     8
  Use: Scroll            |       |       |    25 |     3 ||    28
       Potion            |       |       |     2 |     3 ||     5
 Stab: Sleeping          |     1 |       |       |       ||     1
Armor: Robe              |     4 |     5 |     4 |    17 ||    30
       Leather armour    |       |       |    31 |       ||    31
Dodge: Dodged            |    12 |    34 |    69 |    34 ||   149
Block: Other             |       |       |    34 |    20 ||    54
       Reflection        |       |       |     1 |     6 ||     7
